Map: Terrazze Prion

Players

Showtek

  • Race: Protoss Protoss
  • League: Gold

Jhyrachy - Winner!

  • Race: Zerg Zerg
  • League: Gold

VOD

Have the link to the VOD?

Description

Time

  • Played on: April 20, 2016, 12:30 p.m.
  • Length: 19:43
Show
View Real Time Build Order
Export as new Build Order

Showtek Protoss 

Build Orders: 1 Gate Expand 

Get SALT Encoding   

  12  0:01  Probe (Chrono Boost)  
  13  0:12  Probe (Chrono Boost)  
  14  0:22  Probe (Chrono Boost), Pylon  
  15  0:40  Probe (Chrono Boost)  
  15  0:41  Gateway  
  16  0:49  Assimilator  
  16  0:58  Probe (Chrono Boost)  
  17  1:09  Probe (Chrono Boost)  
  18  1:19  Probe (Chrono Boost)  
  18  1:25  Nexus  
  19  1:30  Probe (Chrono Boost)  
  20  1:39  Pylon  
  20  2:05  Probe (Chrono Boost)  
  20  2:07  Assimilator  
  21  2:08  Cybernetics Core  
  21  2:09  Zealot  
  24  2:15  Probe (Chrono Boost)  
  24  2:22  Gateway  
  24  2:29  Probe (Chrono Boost)  
  25  2:35  Pylon  
  25  2:40  Probe (Chrono Boost)  
  26  2:46  Warp Gate  
  26  2:48  Mothership Core (Chrono Boost)  
  26  2:51  Probe (Chrono Boost)  
  29  3:01  Probe (Chrono Boost)  
  29  3:04  Adept  
  32  3:06  Probe (Chrono Boost)  
  33  3:14  Probe (Chrono Boost)  
  33  3:15  Pylon  
  33  3:17  Probe (Chrono Boost)  
  35  3:22  Twilight Council  
  35  3:24  Probe (Chrono Boost)  
  36  3:27  Zealot  
  38  3:51  Adept  
  38  3:54  Gateway, Adept  
  42  3:57  Gateway  
  42  4:18  Adept  
  42  4:20  Probe x2 (Chrono Boost)  
  46  4:29  Assimilator  
  46  4:30  Assimilator, Charge (Chrono Boost)  
  46  4:31  Probe x2 (Chrono Boost)  
  48  4:40  Probe (Chrono Boost)  
  49  4:55  Robotics Facility  
  49  4:57  Zealot x2  
  49  4:58  Zealot x2  
  57  5:17  Probe  
  57  5:19  Probe  
  59  5:28  Probe  
  59  5:29  Zealot  
  62  5:44  Probe  
  62  5:46  Probe  
  62  5:47  Pylon  
  54  5:51  Pylon  
  54  5:54  Stalker x2  
  54  5:55  Stalker  
  54  5:56  Pylon  
  49  5:58  Probe  
  49  6:01  Immortal (Chrono Boost)  
  54  6:12  Pylon  
  54  6:13  Pylon x2  
  54  6:16  Gateway  
  54  6:17  Gateway  
  54  6:18  Gateway  
  54  6:20  Stalker  
  54  6:21  Stalker  
  54  6:22  Stalker  
  60  6:35  Zealot  
  60  6:39  Immortal (Chrono Boost)  
  64  6:53  Zealot x3  
  46  7:20  Stalker x3  
  52  7:37  Pylon  
  52  7:38  Pylon  
  52  7:41  Immortal (Chrono Boost), Pylon  
  52  7:44  Gateway  
  56  7:45  Gateway  
  56  7:47  Gateway  
  56  7:50  Gateway  
  56  7:52  Gateway  
  56  7:53  Zealot x3  
  62  8:07  Zealot  
  64  8:30  Nexus  
  64  8:33  Pylon  
  68  8:34  Immortal (Chrono Boost)  
  68  8:36  Pylon  
  68  8:38  Pylon  
  68  8:42  Pylon  
  68  8:43  Templar Archives  
  68  9:06  Stalker x2  
  68  9:07  Stalker x2  
  68  9:08  Observer (Chrono Boost)  
  68  9:09  Forge  
  77  9:11  Sentry x3, Forge  
  83  9:37  Probe x2  
  85  9:42  Immortal (Chrono Boost)  
  89  9:47  Psionic Storm  
  89  9:49  Probe  
  89  9:50  Probe  
  91  10:01  Probe  
  91  10:05  Zealot x6  
  104  10:09  Probe x2  
  104  10:13  Probe  
  107  10:23  Protoss Ground Weapons Level 1 (Chrono Boost)  
  107  10:24  Protoss Ground Armor Level 1 (Chrono Boost)  
  107  10:33  High Templar x8  
  123  10:47  Archon  
  123  10:48  Archon x2  
  123  10:49  Archon  
  122  10:58  Photon Cannon  
  122  11:00  Photon Cannon  
  122  11:01  Immortal, Photon Cannon  
  126  11:04  Photon Cannon  
  126  11:24  Assimilator  
  126  11:25  Nexus  
  126  11:26  Assimilator, High Templar x5  
  126  11:27  Pylon  
  126  11:29  Pylon  
  126  11:32  Pylon  
  130  11:49  Observer (Chrono Boost)  
  125  12:13  High Templar x2  
  129  12:16  Zealot x6  
  85  13:03  Immortal (Chrono Boost)  
  89  13:07  Probe x2, Nexus  
  89  13:08  Robotics Facility  
  89  13:11  Pylon  
  91  13:14  Pylon  
  91  13:17  Pylon  
  91  13:22  Assimilator  
  91  13:26  Assimilator  
  91  13:51  Probe x2  
  93  13:58  Immortal (Chrono Boost)  
  101  14:06  Sentry, Immortal (Chrono Boost)  
  101  14:07  Sentry  
  105  14:14  Probe  
  105  14:15  Probe x2  
  105  14:16  Protoss Ground Weapons Level 2  
  108  14:21  Probe  
  109  14:24  Probe  
  109  14:27  Probe  
  112  14:32  Observer (Chrono Boost)  
  112  14:41  Protoss Ground Armor Level 2  
  112  14:50  Assimilator  
  112  14:52  Assimilator  
  112  15:06  Photon Cannon  
  112  15:07  Photon Cannon  
  112  15:09  Immortal (Chrono Boost), Photon Cannon  
  116  15:21  Immortal (Chrono Boost)  
  120  15:33  High Templar x3  
  120  15:34  High Templar x2  
  130  15:39  Archon  
  130  15:40  Archon  
  130  15:43  Observer (Chrono Boost)  
  131  15:52  Zealot x2  
  131  15:53  Zealot x2  
  140  15:57  Observer (Chrono Boost)  
  140  16:02  Observer (Chrono Boost)  
  141  16:11  Stargate  
  141  16:12  Stargate  
  142  16:19  Observer (Chrono Boost)  
  142  16:20  Observer (Chrono Boost)  
  142  16:21  Zealot x6  
  142  16:22  Zealot x3  
  162  16:40  Observer (Chrono Boost)  
  162  16:57  Nexus  
  162  16:58  Pylon  
  162  16:59  High Templar x4  
  162  17:00  Pylon  
  170  17:02  Pylon  
  170  17:03  Zealot x5  
  170  17:05  Pylon  
  170  17:08  Archon x4  
  180  17:09  Archon  
  61  18:06  High Templar x4  
  69  18:21  Immortal (Chrono Boost)  
  69  19:01  Immortal (Chrono Boost)  
Show
View Real Time Build Order
Export as new Build Order

Jhyrachy Zerg - Winner!

Build Orders: Hatch First, Lurkers 

Get SALT Encoding   

  12  0:01  Drone  
  13  0:08  Drone  
  14  0:17  Overlord  
  14  0:36  Drone x2  
  14  0:37  Drone  
  17  0:58  Hatchery  
  17  1:01  Drone  
  17  1:13  Spawning Pool, Drone  
  17  1:21  Overlord  
  17  1:42  Overlord  
  17  1:45  Drone x2  
  19  2:06  Queen  
  21  2:09  Hatchery  
  21  2:12  Queen  
  22  2:22  Drone x2  
  24  2:23  Drone  
  24  2:25  Drone  
  26  2:43  Zergling x2  
  27  2:53  Drone x4  
  31  3:02  Overlord  
  31  3:09  Extractor  
  31  3:11  Drone  
  31  3:12  Drone, Extractor  
  31  3:14  Drone  
  31  3:17  Extractor  
  31  3:18  Queen  
  33  3:28  Drone x3  
  33  3:29  Drone  
  33  3:30  Drone x2  
  33  3:32  Drone x2  
  41  3:34  Drone  
  41  3:35  Overlord  
  42  4:06  Roach Warren  
  40  4:19  Evolution Chamber  
  39  4:33  Extractor, Drone x4  
  39  4:34  Drone  
  39  4:35  Drone x2, Overlord  
  39  4:36  Overlord x2  
  45  4:48  Roach  
  45  4:49  Roach x9  
  65  4:59  Lair  
  65  5:01  Overlord  
  65  5:02  Overlord  
  65  5:04  Roach  
  65  5:05  Roach  
  69  5:19  Spore Crawler  
  69  5:20  Ravager  
  72  5:21  Ravager x3  
  72  5:28  Roach x6  
  82  5:34  Drone x4  
  82  5:35  Drone x4  
  90  5:56  Queen  
  90  5:59  Drone x5  
  90  6:00  Drone x4  
  90  6:01  Drone x2  
  103  6:21  Extractor  
  103  6:22  Extractor  
  67  7:27  Glial Reconstitution  
  67  7:32  Zerg Missile Weapons Level 1, Hydralisk Den  
  66  8:06  Lurker Den  
  66  8:13  Hydralisk  
  66  8:14  Hydralisk x17  
  66  8:18  Queen  
  104  8:21  Hatchery  
  103  8:39  Hydralisk  
  105  8:42  Overlord x5  
  105  9:02  Hydralisk  
  105  9:03  Hydralisk x10  
  105  9:09  Extractor  
  126  9:12  Extractor  
  126  9:13  Evolution Chamber  
  124  9:30  Hydralisk x6  
  124  9:31  Hydralisk x4  
  144  9:39  Pneumatized Carapace  
  144  9:42  Zerg Ground Armor Level 1, Zerg Missile Weapons Level 2  
  144  9:59  Overlord x3  
  144  10:23  Lurker  
  144  10:24  Lurker x5  
  144  10:27  Lurker x2  
  152  10:29  Hydralisk x8  
  152  10:32  Overlord x4  
  168  10:49  Queen x3  
  174  10:58  Hatchery  
  173  11:23  Muscular Augments  
  161  12:21  Hydralisk x6  
  161  12:22  Hydralisk x13  
  121  12:46  Hydralisk x8  
  125  12:53  Lurker x3  
  125  12:54  Lurker x6  
  134  13:08  Zerg Ground Armor Level 2  
  134  13:19  Overseer x2  
  134  13:21  Hydralisk  
  134  13:22  Hydralisk x14  
  164  13:33  Queen  
  166  13:48  Hydralisk  
  166  13:49  Hydralisk x10  
  188  14:15  Infestation Pit  
  187  14:20  Extractor  
  186  14:56  Hydralisk x7  
  200  15:29  Extractor  
  199  15:50  Overseer x3  
  199  16:03  Hive  
  199  16:04  Nydus Network  
  198  16:30  Hatchery  
  197  16:58  Nydus Canal  
  142  18:50  Queen  
Tags
 
Add a new tag
Caveats
  • Supply blocks, unpowered buildings, or Contaminate may cause inaccurate times.
  • Supply counts are checked every 10 seconds.